 Dungeon Crawl Stone Soup version 0.32-a0-975-g85d4e5bfdb (webtiles) character file.

Game seed: 15725907168251916757

10434 Autsider the Covert (level 11, -1/56 HPs)
             Began as a Vine Stalker Warper on Apr 18, 2024.
             Was a Follower of Uskayaw.
             Killed from afar by an electric eel (2 damage)
             ... with a bolt of electricity
             ... on level 9 of the Dungeon.
             The game lasted 00:38:54 (9884 turns).

Autsider the Covert (Vine Stalker Warper)           Turns: 9884, Time: 00:38:55

Health: -1/56      AC: 13    Str: 13    XL:     11   Next: 62%
Magic:  0/22       EV:  9    Int: 16    God:    Uskayaw [*.....]
Gold:   686        SH: 11    Dex: 19    Spells: 19/23 levels left

rFire   + + .        m - +5 whip of the Crypt {freeze, rF+ Int+3 SInv}
rCold   . . .        H - +0 kite shield
rNeg    . . .        k - +1 ring mail {rF+}
rPois   .            q - +0 helmet
rElec   .            (no cloak)
rCorr   .            i - +0 pair of gloves
SInv    +            S - +2 pair of boots
Will    +....        (no amulet)
Stlth   +++          (no ring)
HPRegen 1.09/turn    (no ring)
MPRegen 0.18/turn

%: guardian spirit
@: no status effects
A: fangs 3, regeneration 1, magic shield, antimagic bite, no potion heal 2
a: Renounce Religion, Stomp


You were on level 9 of the Dungeon.
You worshipped Uskayaw.
Uskayaw was noncommittal.
You visited 2 branches of the dungeon, and saw 10 of its levels.
You also visited: Sewer.

You collected 686 gold pieces.

Inventory:

Hand Weapons
 e - a +1 rapier
 m - the +5 whip of the Crypt (weapon) {freeze, rF+ Int+3 SInv}
   (You found it on level 2 of the Dungeon)

   Int+3:     It affects your intelligence (+3).
   rF+:       It protects you from fire.
   SInv:      It lets you see invisible.
 D - a +1 dagger of venom
 I - the +5 woodcutter's axe
   (You took it off a gnoll sergeant on level 3 of the Dungeon)
 M - a +3 short sword of venom
Missiles
 d - 7 darts of dispersal (quivered)
 r - a curare-tipped dart
 F - 11 boomerangs
 L - 35 poisoned darts
 T - a throwing net
Armour
 i - a +0 pair of gloves (worn)
 k - a +1 ring mail of fire resistance (worn)
 q - a +0 helmet (worn)
 H - a +0 kite shield (worn)
 S - a +2 pair of boots (worn)
 U - a +2 robe of willpower
Jewellery
 R - a ring of ice
Wands
 a - a wand of roots (12)
 z - a wand of digging (5)
 E - a wand of mindburst (3)
 K - a wand of flame (19)
Scrolls
 b - a scroll of brand weapon
 g - 2 scrolls of revelation
 n - a scroll of amnesia {unknown}
 p - a scroll of torment {unknown}
 t - a scroll of fog
 x - 4 scrolls of enchant weapon
 y - a scroll of summoning {unknown}
 B - 2 scrolls of poison {unknown}
 J - 4 scrolls of teleportation {@r2}
 N - 2 scrolls of blinking
 P - a scroll of vulnerability {unknown}
 Q - a scroll of noise {unknown}
Potions
 c - a potion of might {unknown}
 f - 5 potions of mutation
 h - 2 potions of degeneration {unknown}
 j - 4 potions of berserk rage
 l - a potion of resistance {unknown}
 o - 4 potions of curing {@q1}
 s - a potion of ambrosia {unknown}
 u - a potion of haste {unknown}
 v - 2 potions of lignification {unknown}
 w - a potion of magic {unknown}
 A - a potion of attraction {unknown}
 C - a potion of brilliance {unknown}
 G - a potion of cancellation {unknown}
 O - 2 potions of heal wounds {unknown}


   Skills:
 - Level 6.0 Fighting
 - Level 4.0 Short Blades
 - Level 3.0 Maces & Flails
 - Level 2.0 Throwing
 - Level 6.0 Armour
 - Level 3.0 Dodging
 - Level 8.0 Stealth
 + Level 8.0 Shields
 + Level 6.8 Spellcasting
 + Level 6.8 Translocations


You had 19 spell levels left.
You knew the following spells:

 Your Spells              Type           Power      Damage    Failure   Level
a - Lesser Beckoning      Tloc           54%        N/A       6%          2
z - Blink                 Tloc           54%        N/A       6%          2

Your spell library contained the following spells:

 Spells                   Type           Power      Damage    Failure   Level
 Apportation              Tloc           54%        N/A       4%          1
 Maxwell's Portable Pile  Tloc           27%        2d(7-21)  12%         3
 Teleport Other           Tloc           27%        N/A       12%         3
 Jinxbite                 Hex            10%        N/A       71%         2
 Dimensional Bullseye     Hex/Tloc       8%         N/A       86%         4
 Vhi's Electric Charge    Tloc/Air       32%        N/A       86%         4
 Call Canine Familiar     Summ           5%         N/A       90%         3
 Sigil of Binding         Hex            5%         N/A       90%         3
 Dispersal                Tloc           13%        N/A       99%         6
 Gell's Gavotte           Tloc           13%        2d(17-25) 99%         6
 Alistair's Intoxication  Alch           3%         N/A       100%        5


Dungeon Overview and Level Annotations

Branches:
Dungeon (9/15)             Temple (1/1) D:6           Sewer (visited)
   Lair: D:8-11         Orc: D:9-12

Altars:
Ashenzari
Cheibriados
Dithmenos
Elyvilon
Fedhas
Gozag
Hepliaklqana
Kikubaaqudgha
Makhleb
Nemelex Xobeh
Okawaru
Qazlal
Ru
Trog
Uskayaw
Vehumet
Wu Jian
Xom
Yredelemnul
Zin
The Shining One

Annotations:
D:5 exclusion: downstairs
D:7 2 transporters, Autsider's ghost, novice DEHW


Innate Abilities, Weirdness & Mutations

You have razor-sharp teeth.
Your natural rate of healing is unusually fast.
When hurt, damage is shared between your health and your magic reserves.
Your bite disrupts and absorbs the magic of your enemies.
Potions cannot restore your health.


Message History

The electric eel is moderately wounded.
You hear a splash.
The electric eel shoots out a bolt of lightning at you!
The bolt of electricity hits you.
The electric eel shoots out a bolt of lightning at you!
The bolt of electricity hits you!
The electric eel shoots out a bolt of lightning at you!
The bolt of electricity hits you!
Throw: 37 darts (poison)
Press: ? - help, Shift-Dir - straight line, f/p - electric eel
Aim: an electric eel (heavily wounded, poisoned, 46% to hit)
You throw a poisoned dart.
The poisoned dart hits the electric eel.
The electric eel looks even sicker.
The electric eel is heavily wounded.
You hear a splash.
Throw: 36 darts (poison)
Press: ? - help, Shift-Dir - straight line, f - electric eel
Aim: an electric eel (46% to hit)
You throw a poisoned dart.
The poisoned dart misses the electric eel.
You hear a splash.
The electric eel shoots out a bolt of lightning at you!
The bolt of electricity hits you!
* * * LOW HITPOINT WARNING * * *
The electric eel shoots out a bolt of lightning at you!
The bolt of electricity hits you!
* * * LOW HITPOINT WARNING * * *
The electric eel shoots out a bolt of lightning at you!
The bolt of electricity hits you!
* * * LOW HITPOINT WARNING * * *
The bolt of electricity hits you!
* * * LOW HITPOINT WARNING * * *
The electric eel shoots out a bolt of lightning at you!
The bolt of electricity hits you!
* * * LOW HITPOINT WARNING * * *
The electric eel shoots out a bolt of lightning at you!
The bolt of electricity hits you.
You die...
Your body falls in perfect tune with the rhythm.

......# #..#~~~~~~~~~~#.#.#
.....####..#.~~~~~~~~~#.#.#######
....).........~~~~~~~~#>........#
....<........##~~~...##....[....#
................~~..............#
#########......##~...##.........#
......[[........##...##.........#
##########...........##.........#
#......@....##.........# ..
#......#....##.........# ## #
#......#....##.........#
#.#...####....##......[..#
#.~S..# #....########.### .
###~~S~.####....### .#
...~~~~~~............ .#
."~(~~~~~(###........ ..
#.~~~S~~~~~~..........


You could see 2 electric eels.

Vanquished Creatures
  2 two-headed ogres
  Pikel (D:6)
  Psyche (D:9)
  A troll (D:9)
  3 red devils (D:8)
  A hornet (D:8)
  Grinder (D:4)
  8 yaks (D:8)
  Eustachio (D:6)
  Grum (D:9)
  Menkaure (D:7)
  An acid dragon (D:6)
  A water moccasin (D:8)
  2 orc warriors
  2 sky beasts
  6 ogres (D:6)
  5 wolves
  5 centaurs
  3 lemures (D:6)
  A phantom (D:4)
  4 kobold brigands
  4 bullfrogs
  4 gnoll sergeants
  2 scorpions (D:5)
  3 wights (D:7)
  7 killer bees (D:9)
  3 electric eels (D:9)
  12 howler monkeys (D:6)
  2 bombardier beetles
  9 hounds
  3 gnoll boudas
  11 orc priests
  2 jellies
  4 iguanas
  A sleepcap (D:5)
  Natasha (thrice) (D:2)
  11 orc wizards
  Robin (D:2)
  23 gnolls
  13 adders
  3 river rats (Sewer)
  3 shadow imps
  7 white imps (D:5)
  An ufetubus (D:5)
  3 dart slugs (D:2)
  2 ribbon worms (D:3)
  30 orcs
  17 ball pythons
  3 bats (D:2)
  9 endoplasms
  3 giant cockroaches
  15 goblins
  12 hobgoblins
  3 jackals (D:3)
  17 kobolds
  A quokka (D:1)
  3 frilled lizards
  28 rats
329 creatures vanquished.

Notes
Turn   | Place    | Note
-------+----------+-------------------------------------------
     0 | D:1      | Autsider the Vine Stalker Warper began the quest for the
                  | Orb.
     0 | D:1      | Reached XP level 1. HP: 11/11 MP: 4/4
   269 | D:1      | Reached skill level 1 in Stealth
   430 | D:1      | Reached XP level 2. HP: 15/15 MP: 4/6
   651 | D:1      | Reached XP level 3. HP: 18/18 MP: 5/7
   990 | D:2      | Noticed Natasha
  1013 | D:2      | Killed Natasha
  1014 | D:2      | Reached XP level 4. HP: 21/23 MP: 5/8
  1117 | D:2      | Reached skill level 5 in Stealth
  1131 | D:2      | Identified the +5 whip of the Crypt {freeze, rF+ Int+3
                  | SInv}
  1164 | D:2      | Reached skill level 1 in Throwing
  1196 | D:2      | Found a hazy altar of Hepliaklqana.
  1216 | D:2      | Found a faded altar of an unknown god.
  1249 | D:2      | Reached skill level 1 in Armour
  1249 | D:2      | Reached XP level 5. HP: 26/26 MP: 9/9
  1351 | D:2      | Noticed Robin
  1386 | D:2      | Killed Robin
  1454 | D:2      | Noticed Natasha
  1466 | D:2      | Killed Natasha
  1478 | D:2      | Noticed Natasha
  1486 | D:2      | Killed Natasha
  1784 | D:3      | Found a glowing drain.
  1789 | Sewer    | Entered a sewer
  1833 | Sewer    | Reached XP level 6. HP: 30/30 MP: 10/10
  2086 | Sewer    | Reached XP level 7. HP: 19/36 MP: 8/11
  2455 | D:3      | Learned a level 2 spell: Blink
  2458 | D:3      | Learned a level 2 spell: Lesser Beckoning
  2707 | D:4      | Noticed Grinder
  2750 | D:4      | Killed Grinder
  2939 | D:4      | Gained mutation: You have razor-sharp teeth. [Vine Stalker
                  | growth]
  2939 | D:4      | Reached XP level 8. HP: 40/40 MP: 13/13
  3772 | D:5      | Entered Level 5 of the Dungeon
  3864 | D:5      | Reached skill level 1 in Shields
  3876 | D:5      | Found an opulent altar of Gozag.
  4136 | D:5      | Reached skill level 1 in Maces & Flails
  4896 | D:6      | Reached XP level 9. HP: 45/45 MP: 16/16
  4987 | D:6      | Noticed Pikel
  5005 | D:6      | Found an iron altar of Okawaru.
  5152 | D:6      | Reached skill level 5 in Shields
  5407 | D:6      | Noticed Eustachio
  5632 | D:6      | Killed Pikel
  5743 | D:6      | Found a staircase to the Ecumenical Temple.
  5749 | Temple   | Entered the Ecumenical Temple
  5768 | Temple   | Became a worshipper of Elyvilon the Healer
  5854 | D:6      | Killed Eustachio
  5921 | D:6      | Reached XP level 10. HP: 50/51 MP: 17/17
  5983 | D:6      | Noticed a two-headed ogre
  6324 | D:6      | Reached skill level 5 in Spellcasting
  6352 | D:6      | Reached skill level 5 in Translocations
  6529 | D:6      | Reached skill level 5 in Fighting
  6805 | D:6      | Killed a two-headed ogre
  6806 | D:6      | Reached skill level 5 in Armour
  6960 | D:7      | Noticed a kobold demonologist
  6964 | D:7      | Noticed Autsider's ghost (novice DEHW)
  7066 | D:7      | Found a stormy altar of Qazlal.
  7069 | D:7      | Found a glowing silver altar of Zin.
  7070 | D:7      | Found a sacrificial altar of Ru.
  7144 | D:7      | Found a transporter.
  7164 | D:7      | Found a transporter.
  7176 | D:7      | Found a broken altar of Ashenzari.
  7301 | D:7      | Reached * piety under Elyvilon
  7409 | D:7      | Noticed Menkaure
  7426 | D:7      | Killed Menkaure
  7911 | Temple   | Fell from the grace of Elyvilon
  7911 | Temple   | Became a worshipper of Uskayaw the Reveller
  7997 | D:8      | Found a hazy altar of Hepliaklqana.
  8029 | D:8      | Reached * piety under Uskayaw
  8032 | D:8      | Reached ** piety under Uskayaw
  8039 | D:8      | Reached *** piety under Uskayaw
  8042 | D:8      | Reached **** piety under Uskayaw
  8051 | D:8      | Reached ***** piety under Uskayaw
  8175 | D:8      | Paralysed by a hornet for 3 turns
  8180 | D:8      | Reached XP level 11. HP: 27/56 MP: 14/20
  8422 | D:8      | Found a bloodstained altar of Trog.
  8422 | D:8      | Found a radiant altar of Vehumet.
  9509 | D:9      | Noticed Grum
  9534 | D:9      | Killed Grum
  9574 | D:9      | Noticed a two-headed ogre
  9598 | D:9      | Killed a two-headed ogre
  9757 | D:9      | Noticed Psyche
  9853 | D:9      | Killed Psyche
  9884 | D:9      | HP: 1/56 [electric eel/bolt of electricity (9)]
  9884 | D:9      | Killed from afar by an electric eel

Illustrated notes

Levels and vault maps discovered:
D:1:      dpeg_arrival_snail, layout_basic, serial_forest,
          infiniplex_forest_lined_ring, infiniplex_forest_lined_4_way,
          infiniplex_forest_end_2, infiniplex_forest_lined_room_2,
          infiniplex_forest_3_way, infiniplex_forest_lined_ring,
          infiniplex_forest_lined_room_3, minmay_pentomino_z2
D:2:      layout_basic, basic_altar, shapermc_ecumenical_altar_mp_vishouse,
          minivault_4, uniq_natasha, uniq_robin
D:3:      layout_rooms, portal_sewer_entry_e, pf_guarded_unrand_woodcutter
D:4:      layout_loops_corners, uniq_grinder
D:5:      layout_loops_corners, grunt_gozag_breadcrumbs, serial_demonic,
          serial_demonic_a, serial_demonic_g, serial_demonic_a,
          serial_demonic_g, kennysheep_nondescript
D:6:      lemuel_castle_with_subvaults [lemuel_castle_interior_original],
          layout_rooms, lemuel_tele_altar, temple_fountains, minmay_pentangle,
          uniq_pikel, uniq_eustachio
D:7:      layout_loops_corners, mainiacjoe_overflow_cross_hatched,
          grunt_temple_overflow_open, gammafunk_ghost_arena, uniq_menkaure
D:8:      hellmonk_crumbling_castle, layout_basic, nzn_hepliaklqana_mist_gate,
          nicolae_overflow_two_pavilions
D:9:      layout_basic, amcnicky_altar_gilded, serial_shops,
          nicolae_shop_peninsula, einodemon_armed_red_devil_minivault,
          uniq_grum, uniq_psyche
Temple:   nicolae_temple_x_marks_the_god

Skill      XL: |  1  2  3  4  5  6  7  8  9 10 11 |
---------------+----------------------------------+-----
Stealth        | 1 3 4 5 7 8 |  8.0
Dodging        | 2 3 |  3.0
Throwing       | 1 2 |  2.0
Armour         | 1 2 3 4 5 6 |  6.0
Short Blades   | 2 3 4 |  4.0
Fighting       | 2 3 4 5 6 |  6.0
Spellcasting   | 3 4 5 6 |  6.8
Translocations | 4 5 6 |  6.8
Shields        | 3 6 7 8 |  8.0
Maces & Flails | 1 2 3 |  3.0

Action                     |  1- 3 |  4- 6 |  7- 9 | 10-12 || total
---------------------------+-------+-------+-------+-------++-------
  Melee: Rapier            |    74 |    16 |       |       ||    90
         Short sword       |     3 |       |       |       ||     3
         Bite              |    12 |    33 |   118 |   178 ||   341
         Whip              |       |   184 |   379 |   491 ||  1054
  Throw: Dart              |       |       |       |     8 ||     8
         Boomerang         |       |       |       |     1 ||     1
  Evoke: Wand              |       |       |       |     4 ||     4
    Use: Scroll            |       |     3 |     5 |     4 ||    12
   Stab: Sleeping          |     2 |     3 |     4 |     8 ||    17
         Distracted        |       |       |     3 |       ||     3
         Paralysed         |       |       |       |    11 ||    11
 Armour: Leather armour    |    20 |       |       |       ||    20
         Ring mail         |    43 |   210 |   219 |   305 ||   777
  Dodge: Dodged            |    42 |   109 |   131 |   152 ||   434
  Block: Kite shield       |       |       |   136 |   308 ||   444

Table legend: (Time is in decaauts)
 A = Elapsed time spent in this place.
 B = Non-inter-level travel time spent in this place.
 C = Inter-level travel time spent in this place.
 D = Time resting spent in this place.
 E = Time spent auto-exploring this place.
 F = Levels seen in this place.
 G = Mean time per level.
                   A        B        C        D        E       F      G
               +--------+--------+--------+--------+--------+-----+--------+
         Total |  10143 |   9673 |    470 |    925 |   4926 |  11 |  922.1 |
       Dungeon |   9684 |   9248 |    436 |    909 |   4819 |   9 | 1076.0 |
        Temple |     36 |      3 |     33 |      0 |      0 |   1 |   36.0 |
         Sewer |    423 |    423 |      0 |     16 |    107 |   1 |  423.0 |
               +--------+--------+--------+--------+--------+-----+--------+

Top non-repeatable levels by time:
     D:6: 2094 daAuts
     D:5: 1124 daAuts
     D:8: 1109 daAuts
     D:7: 1038 daAuts
     D:4: 939 daAuts
     D:1: 937 daAuts
     D:9: 879 daAuts
     D:2: 819 daAuts
     D:3: 740 daAuts
   Sewer: 423 daAuts
  Temple: 36 daAuts
